AoeStats
← my_dad

African Clearing

510352974Analyzed
4v4 RM · 8h ago on Sep 30, 2026· 33m 10s· 8 players
Game mode
Random Map
Map size
Large (8 player)
Population
200
Speed
Normal
Resources
Standard
Victory
Conquest
Starting age
Dark Age
Ending age
Imperial Age
RankedLock teamsTeams togetherTeam positionsShared explorationLock speedFull tech treeHidden civsTurbo modeCheats
Victory
Defeat
🇨🇳 Mongols · China
1456
+15
🇩🇪 Jurchens · Germany
1449
+15
🇳🇿 Varangians · New Zealand
1448
+15
🇮🇳 Portuguese · India
1420
+15
🇮🇳 Danes · India
1456
-16
🇨🇿 Burmese · Czechia
1427
-15
🇺🇸 Japanese · United States
1409
-15
🇩🇪 Mongols · Germany
1400
-14
MarcusBrody
5:52 Loom
12:50 Feudal Age
13:41 Horse Collar
13:53 Town Watch
22:23 Wheelbarrow
25:23 Castle Age
27:03 Bloodlines
26:53 Husbandry
30:53 Padded Archer Armor
my_dad
11:19 Loom
14:38 Feudal Age
15:22 Double-Bit Axe
24:27 Forging
28:41 Castle Age
28:15 Scale Barding Armor
28:21 Bloodlines
28:48 Horse Collar
29:01 Stone Mining
Non faux pa
9:09 Loom
12:40 Feudal Age
14:19 Double-Bit Axe
14:03 Man-at-Arms
19:59 Fletching
FreakinGorkha
9:08 Loom
11:52 Feudal Age
16:22 Fletching
24:40 Castle Age
22:47 Stone Mining
23:45 Scale Mail Armor
23:46 Double-Bit Axe
23:42 Horse Collar
25:23 Bodkin Arrow
25:36 Gold Mining
vladtepes
10:36 Feudal Age
11:06 Double-Bit Axe
12:17 Double-Bit Axe
16:58 Scale Barding Armor
17:22 Bloodlines
19:51 Forging
20:42 Wheelbarrow
19:57 Horse Collar
25:36 Castle Age
24:13 Gold Mining
24:28 Padded Archer Armor
26:34 Bow Saw
26:47 Leather Archer Armor
27:11 Loom
28:19 Siege Engineers
31:13 Ballistics
Zacchaeus
9:05 Loom
11:18 Feudal Age
12:18 Double-Bit Axe
15:04 Bloodlines
15:47 Horse Collar
18:47 Wheelbarrow
19:29 Scale Barding Armor
21:20 Forging
24:00 Castle Age
22:58 Gold Mining
25:10 Chain Barding Armor
25:10 Bow Saw
25:12 Husbandry
32:16 Iron Casting
Vishu
8:49 Loom
18:36 Feudal Age
18:52 Man-at-Arms
18:57 Man-at-Arms
19:03 Man-at-Arms
28:39 Castle Age
恩底弥翁之鹰
3:24 Loom
13:27 Feudal Age
14:16 Double-Bit Axe
25:53 Castle Age
25:13 Wheelbarrow
29:46 Fletching
33:19 Bodkin Arrow
Connection lost

Rejoining the realm…

Still unreachable

The connection could not be restored.

Session expired

The server has moved on; the page needs a fresh start.